 Dungeon Crawl Stone Soup version 0.27.0-1-g7a089689b8 (webtiles) character file.

Game seed: 17682367550706955269

429 ZARRMARR the Chopper (level 6, -2/55 HPs)
             Began as a Hill Orc Monk on Aug 9, 2021.
             Slain by an ogre (17 damage)
             ... on level 5 of the Dungeon.
             The game lasted 00:16:02 (5385 turns).

ZARRMARR the Chopper (Hill Orc Monk)                Turns: 5385, Time: 00:16:03

Health: -2/55      AC:  4    Str: 13 (16) XL:     6   Next: 98%
Magic:  6/6        EV: 12    Int:  9 (10) God:
Gold:   240        SH:  5    Dex: 11 (13) Spells: 5/5 levels left

rFire    . . .     SeeInvis .   a - +0 hand axe
rCold    . . .     Faith    .   (no shield)
rNeg     + . .     Spirit   .   m - +2 robe {rN+}
rPois    +         Reflect  +   (no helmet)
rElec    .         Harm     .   (no cloak)
rCorr    .         Rampage  .   (no gloves)
Will     .....                  (no boots)
Stlth    ++........             g - amulet of reflection
HPRegen  0.18/turn              c - ring of poison resistance
MPRegen  0.10/turn              (no ring)

@: attractive, hasted, very quick
A: no striking features
a: no special abilities


You were on level 5 of the Dungeon.
You visited 2 branches of the dungeon, and saw 7 of its levels.

You collected 240 gold pieces.

Inventory:

Hand Weapons
 a - a +0 hand axe (weapon)
 e - a +0 vorpal mace
Missiles
 b - 5 boomerangs (quivered)
 f - 62 stones
 i - 8 silver javelins
Armour
 m - a +2 robe of positive energy (worn)
Magical Staves
 o - a staff of air
Jewellery
 c - a ring of poison resistance (left hand)
 g - an amulet of reflection (around neck)
Wands
 n - a wand of polymorph (7)
 q - a wand of iceblast (9)
Scrolls
 h - a scroll of noise
 l - a scroll of amnesia
Potions
 d - 2 potions of curing
 j - a potion of degeneration
 k - 2 potions of haste


   Skills:
 + Level 4.8 Fighting
 + Level 6.4 Axes
 + Level 2.3 Throwing
 + Level 3.1 Dodging
 + Level 3.2 Stealth
 + Level 1.0 Shields


You had 5 spell levels left.
You didn't know any spells.
Your spell library contained the following spells:

 Spells                   Type           Power      Damage    Failure   Level
 Call Canine Familiar     Summ           0%         N/A       77%         3
 Portal Projectile        Hex/Tloc       0%         N/A       77%         3
 Leda's Liquefaction      Hex/Erth       0%         N/A       99%         4


Dungeon Overview and Level Annotations

Branches:
Dungeon (6/15)             Temple (1/1) D:4

Altars:
Cheibriados
Gozag
Kikubaaqudgha
Makhleb
Nemelex Xobeh
Qazlal
Ru
Sif Muna
Trog
Uskayaw
Vehumet
Wu Jian
Xom
Yredelemnul
Zin
The Shining One


Message History

The adder bites you but does no damage. The ogre barely misses you.
You climb upwards.
There is a stone staircase leading down here.
It was a potion of curing.
You feel better. The adder bites you but does no damage.
The ogre hits you with a +0 giant club! You block the adder's attack.
You barely miss the ogre. You hit the adder but do no damage.
The adder bites you. You block the ogre's attack.
You hit the ogre.
The ogre is lightly wounded.
You miss the adder. The adder bites you.
You hit the ogre.
The ogre is lightly wounded.
You hit the adder. The adder bites you but does no damage.
The ogre hits you with a +0 giant club!
* * * LOW HITPOINT WARNING * * *
It was a potion of haste.
You feel yourself speed up. You block the adder's attack.
You block the ogre's attack. The adder closely misses you.
It was a potion of degeneration.
There was something very wrong with that liquid.
You feel weakened.
You feel dopey.
You feel clumsy. The adder barely misses you.
It was a potion of attraction.
You feel attractive to monsters. The ogre barely misses you.
The adder bites you.
* * * LOW HITPOINT WARNING * * *
You hit the ogre.
The ogre is moderately wounded.
You hit the adder. The ogre barely misses you.
You barely miss the ogre.
The ogre is moderately wounded.
You hit the adder.
You kill the adder!
You hit the ogre.
The ogre is moderately wounded.
You barely miss the ogre.
The ogre is moderately wounded.
The ogre hits you with a +0 giant club!
You die...

#.# #. ##W.# .
#.# .# ##5# #.#
#.# #.# #Js# #.#
J.... .....##
.##.#.#
...######.##.#>.
#...O@..##.###.
#...########.#
.[ .


You could see an ogre.

Vanquished Creatures
  A necrophage (D:4)
  An ogre (D:4)
  A scorpion (D:6)
  A water moccasin zombie (D:5)
  Jessica (D:3)
  An iguana (D:4)
  A howler monkey skeleton (D:4)
  5 adders
  An adder skeleton (D:5)
  A worm (D:2)
  4 ball pythons
  4 endoplasms
  2 giant cockroaches (D:1)
  2 goblins
  2 hobgoblins
  2 jackals (D:1)
  6 kobolds
  A quokka (D:1)
  2 frilled lizards (D:2)
  5 rats
44 creatures vanquished.

Notes
Turn   | Place    | Note
-------+----------+-------------------------------------------
     0 | D:1      | ZARRMARR the Hill Orc Monk began the quest for the Orb.
     0 | D:1      | Reached XP level 1. HP: 19/19 MP: 1/1
   201 | D:1      | Reached XP level 2. HP: 27/27 MP: 2/2
   654 | D:1      | Found a faded altar of an unknown god.
  1325 | D:2      | Reached XP level 3. HP: 33/33 MP: 3/3
  2378 | D:3      | Noticed Jessica
  2396 | D:3      | Killed Jessica
  2397 | D:3      | Reached XP level 4. HP: 3/40 MP: 4/4
  3123 | D:4      | Reached skill level 5 in Axes
  3194 | D:4      | Reached skill level 1 in Throwing
  3194 | D:4      | Reached XP level 5. HP: 13/46 MP: 5/5
  3514 | D:4      | Noticed an ogre
  3527 | D:4      | Killed an ogre
  3532 | D:4      | Found a staircase to the Ecumenical Temple.
  3538 | Temple   | Entered the Ecumenical Temple
  3676 | D:4      | Noticed a necrophage
  3693 | D:4      | Killed a necrophage
  3694 | D:4      | Reached XP level 6. HP: 25/53 MP: 6/6
  4195 | D:4      | Found a burning altar of Makhleb.
  4204 | D:4      | Found a stormy altar of Qazlal.
  4413 | D:5      | Entered Level 5 of the Dungeon
  4417 | D:5      | Reached skill level 6 in Axes
  4817 | D:6      | Reached skill level 1 in Shields
  5385 | D:5      | Slain by an ogre

Illustrated notes

Levels and vault maps discovered:
D:1:      dpeg_arrival_tiny_a, layout_basic, hellmonk_ecumenical_altar_zigzags,
          lemuel_old_faithful
D:2:      layout_loops_cross, st_stairs_1, serial_bayou_pond_e
D:3:      layout_loops_ring, uniq_jessica
D:4:      layout_basic, grunt_qazlal_sundering, bloody_makhleb,
          minmay_temple_entry_hall
D:5:      layout_rooms, minitemple
D:6:      layout_basic, ashenzari_altar_1, minmay_ruined_shrine, uniq_pikel
Temple:   nicolae_temple_great_sept

Skill      XL: |  1  2  3  4  5  6 |
---------------+-------------------+-----
Fighting       | 4 |  4.8
Stealth        | 2 3 |  3.2
Axes           | 5 6 |  6.4
Throwing       | 1 2 |  2.3
Dodging        | 3 |  3.1
Shields        | 1 |  1.0

Action                   |  1- 3 |  4- 6 || total
-------------------------+-------+-------++-------
Melee: Hand axe          |    88 |   109 ||   197
Throw: Stone             |    39 |       ||    39
       Boomerang         |       |    38 ||    38
  Use: Scroll            |     3 |     1 ||     4
       Potion            |       |     4 ||     4
 Stab: Sleeping          |     5 |     4 ||     9
Armor: Robe              |    12 |    16 ||    28
Dodge: Dodged            |    39 |    44 ||    83
Block: Other             |    10 |    25 ||    35
